 Dungeon Crawl Stone Soup version 0.32-a0-909-gc671339a80 (webtiles) character file.

Game seed: 13996645302474389136

2190 senseless the Firebug (level 9, -4/75 HPs)
             Began as a Mountain Dwarf Fire Elementalist on Apr 6, 2024.
             Was a Priest of Beogh.
             Slain by an orc warlord
             ... wielding a +9 battleaxe
              (19 damage)
             ... in a bailey on Apr 10, 2024.
             The game lasted 00:27:59 (7914 turns).

senseless the Firebug (MDFE)                        Turns: 7914, Time: 00:28:01

Health: -4/75      AC: 10    Str: 11    XL:     9   Next: 12%
Magic:  9/16       EV: 15    Int: 20    God:    Beogh [***...]
Gold:   506        SH:  0    Dex: 10    Spells: 10/17 levels left

rFire   . . .        z - +5 dagger (flame)
rCold   . . .        (no shield)
rNeg    . . .        B - +0 ring mail
rPois   .            (no helmet)
rElec   .            y - +0 cloak
rCorr   .            g - +0 pair of gloves
SInv    .            m - +2 pair of boots {Stlth+}
Will    .....        (no amulet)
Stlth   ++           c - +4 ring of slaying
HPRegen 0.32/turn    v - +5 ring of evasion
MPRegen 0.15/turn

%: no passive effects
@: no status effects
A: runic magic, artefact enchanting
a: Renounce Religion, Smiting


You were in a bailey.
You worshipped Beogh.
Beogh was most pleased with you.
You visited 1 branch of the dungeon, and saw 7 of its levels.
You also visited: Bailey.

You collected 506 gold pieces.

Inventory:

Hand Weapons
 d - a +0 dagger
 i - a +1 hand axe of electrocution
 n - a +0 mace of protection
 z - a +5 dagger of flaming (weapon)
Missiles
 w - 5 throwing nets
Armour
 a - a +0 robe
 g - a +0 pair of gloves (worn)
 h - a +0 leather armour
 m - a +2 pair of boots of stealth (worn)
 y - a +0 cloak (worn)
 B - a +0 ring mail (worn)
Jewellery
 c - a +4 ring of slaying (left hand)
 q - a +6 ring of strength
 v - a +5 ring of evasion (right hand)
Wands
 u - a wand of acid (12)
 x - a wand of warping (1)
 A - a wand of charming (6)
Scrolls
 f - 5 scrolls of teleportation
 k - a scroll of poison
Potions
 b - a potion of magic
 e - a potion of ambrosia
 j - 6 potions of attraction
 l - 4 potions of mutation
 o - 2 potions of brilliance
 p - 2 potions of enlightenment
 r - 2 potions of lignification
 s - 4 potions of curing
 t - a potion of might {unknown}
 E - 3 potions of haste {unknown}
 F - 2 potions of heal wounds {unknown}


   Skills:
 + Level 5.6 Fighting
 + Level 4.2 Dodging
 - Level 1.4 Stealth
 + Level 4.8 Spellcasting
 + Level 4.8 Conjurations
 + Level 7.5 Fire Magic


You had 10 spell levels left.
You knew the following spells:

 Your Spells              Type           Power      Damage    Failure   Level
a - Foxfire               Conj/Fire      100%       2x1d9     1%          1
b - Scorch                Fire           68%        2d7       1%          2
c - Flame Wave            Conj/Fire      29%        2d9       12%         4

Your spell library contained the following spells:

 Spells                   Type           Power      Damage    Failure   Level
 Magic Dart               Conj           96%        1d7       1%          1
 Momentum Strike          Conj/Tloc      28%        3d8       9%          2
 Inner Flame              Hex/Fire       19%        N/A       10%         3
 Volatile Blastmotes      Fire/Tloc      38%        2d13      10%         3
 Blink                    Tloc           8%         N/A       22%         2
 Call Imp                 Summ           8%         N/A       22%         2
 Lesser Beckoning         Tloc           8%         N/A       22%         2
 Fulminant Prism          Conj/Alch      7%         3d7       47%         4
 Iskenderun's Mystic Bla Conj/Tloc 14%            2d5        (+2d2     47%         4
 Irradiate                Conj/Alch      7%         3d14      83%         5
 Ignition                 Fire           17%        3d7       100%        8


Dungeon Overview and Level Annotations

Branches:
Dungeon (7/15)             Bailey (1/1)
 Temple: D:4-7

Altars:
Ashenzari
Dithmenos
Fedhas
Hepliaklqana
Okawaru
Qazlal
Wu Jian
Yredelemnul
Beogh


Innate Abilities, Weirdness & Mutations

Your facial features look somewhat orcish.
Your spellcasting is much less encumbered by armour.
You can use scrolls of enchantment on lesser artefacts.


Message History

Confirm with . or Enter, or press ? or * to list all spells.
Flames lash the orc warlord.
The orc warlord is burned terribly!
The orc warlord is moderately wounded.
The orc warlord is engulfed in a cloud of scalding steam.
The orc warlord closely misses you.
Unknown command.
Casting: Scorch (safe; 1% risk of failure)
Confirm with . or Enter, or press ? or * to list all spells.
Flames lash the orc warlord.
The orc warlord is burned terribly!
The orc warlord is heavily wounded.
The orc warlord hits you with a +9 battleaxe!!
Unknown command.
Magic courses through your body.
The orc warlord is engulfed in a cloud of scalding steam.
The orc warlord hits you with a +9 battleaxe!
* * * LOW HITPOINT WARNING * * *
Casting: Scorch (safe; 1% risk of failure)
Confirm with . or Enter, or press ? or * to list all spells.
Flames lash the orc warlord.
The orc warlord is burned terribly!
The orc warlord is heavily wounded.
The orc warlord completely misses you.
Casting: Scorch (safe; 1% risk of failure)
Confirm with . or Enter, or press ? or * to list all spells.
Flames lash the orc warlord.
The orc warlord is burned terribly!
The orc warlord is heavily wounded.
The orc warlord is engulfed in a cloud of scalding steam.
The orc warlord barely misses you.
Casting: Scorch (safe; 1% risk of failure)
Confirm with . or Enter, or press ? or * to list all spells.
Flames lash the orc warlord but do no damage.
The orc warlord is engulfed in a cloud of scalding steam.
The orc warlord splashes around in the water.
Casting: Scorch (safe; 1% risk of failure)
Confirm with . or Enter, or press ? or * to list all spells.
Flames lash the orc warlord.
The orc warlord is burned terribly!
The orc warlord is severely wounded.
The orc warlord is engulfed in a cloud of scalding steam.
The orc warlord hits you with a +9 battleaxe!!
You die...
Beogh appreciates the orc warlord's killing of a heretic priest.

♣♣...~~~(##.........##.~~~...♣♣
♣∩..)~~~.#~....∩....~#.~~~...∩♣
♣♣...~~~.#~.........~#.~~)...♣♣
♣...~~))#~~.ß...ß.~~#.~~)...♣
♣♣..###)###.......###'###..♣♣
♣.##....#~.ß...ß.~#....##.♣
♣##.....#~~~~~~~~~#.....##♣
♣♣##......####~o~####......##
###...ß.)....#'@'#......ß...#
###.........................#
###.........................#
####..ß..ß..)).......ß..ß..##
#####......)#######.......##
######.....##### ##.....##
#######...###### ##...##
################ #####
################


You could see an orc warlord (combustible).

Vanquished Creatures
  2 water moccasins
  2 ice beasts
  4 orc warriors (Bailey)
  3 ogres
  A bullfrog (D:7)
  4 scorpions
  A howler monkey (D:4)
  3 hounds
  2 jellies (D:5)
  An orc priest (D:6)
  A gnoll bouda (D:7)
  4 iguanas
  2 sleepcaps
  2 orc wizards (D:6)
  14 gnolls
  4 adders
  A white imp (D:5)
  4 ufetubi (D:5)
  3 ribbon worms
  3 dart slugs
  18 orcs
  6 ball pythons
  3 endoplasms
  4 giant cockroaches
  7 goblins
  7 hobgoblins
  2 jackals (D:3)
  13 kobolds
  2 quokkas
  7 bats
  3 frilled lizards
  8 rats
141 creatures vanquished.

Vanquished Creatures (others)
  An orc warrior (Bailey)
  A gnoll (Bailey)
  2 orcs
  437 foxfires
441 creatures vanquished.

Grand Total: 582 creatures vanquished

Notes
Turn   | Place    | Note
-------+----------+-------------------------------------------
     0 | D:1      | senseless the Mountain Dwarf Fire Elementalist began the
                  | quest for the Orb.
     0 | D:1      | Reached XP level 1. HP: 14/14 MP: 3/3
    29 | D:1      | Reached skill level 1 in Conjurations
   352 | D:1      | Reached XP level 2. HP: 22/22 MP: 4/4
   360 | D:1      | Learned a level 2 spell: Scorch
   723 | D:1      | Reached skill level 1 in Fighting
  1305 | D:2      | Reached skill level 4 in Fire Magic
  1305 | D:2      | Reached XP level 3. HP: 26/28 MP: 1/6
  1588 | D:2      | Found a faded altar of an unknown god.
  1598 | D:2      | Prayed at the altar of an unknown god.
  1598 | D:2      | Became a worshipper of Beogh the Shepherd
  1598 | D:2      | Reached * piety under Beogh
  2301 | D:3      | Reached XP level 4. HP: 35/35 MP: 4/7
  2418 | D:3      | Found a broken altar of Ashenzari.
  3143 | D:4      | Noticed a scorpion
  3148 | D:4      | Killed a scorpion
  3149 | D:4      | Reached XP level 5. HP: 41/41 MP: 0/8
  3244 | D:4      | Reached ** piety under Beogh
  3444 | D:4      | Found an ornate altar of the Wu Jian Council.
  3615 | D:4      | Reached XP level 6. HP: 50/50 MP: 6/10
  3703 | D:4      | Reached skill level 5 in Fire Magic
  4108 | D:5      | Entered Level 5 of the Dungeon
  4494 | D:5      | Reached XP level 7. HP: 56/57 MP: 6/11
  4542 | D:5      | Found a stormy altar of Qazlal.
  4591 | D:5      | Found a basalt altar of Yredelemnul.
  4638 | D:5      | Learned a level 4 spell: Flame Wave
  5101 | D:6      | Reached skill level 6 in Fire Magic
  5164 | D:6      | Reached XP level 8. HP: 66/66 MP: 9/13
  6675 | D:7      | Reached skill level 5 in Fighting
  6797 | D:7      | Found an iron altar of Okawaru.
  6797 | D:7      | Found a blossoming altar of Fedhas.
  6840 | D:7      | Reached skill level 7 in Fire Magic
  7008 | D:7      | Found a hazy altar of Hepliaklqana.
  7015 | D:7      | Found a shadowy altar of Dithmenos.
  7085 | D:7      | Found a flagged portal.
  7131 | Bailey   | Entered a bailey
  7136 | Bailey   | Noticed an orc warlord
  7145 | Bailey   | Reached *** piety under Beogh
  7470 | Bailey   | Reached XP level 9. HP: 74/74 MP: 0/16
  7590 | Bailey   | Found a runed translucent gate.
  7591 | Bailey   | Found a runed translucent gate.
  7597 | Bailey   | Found a runed translucent gate.
  7914 | Bailey   | Slain by an orc warlord

Illustrated notes

Levels and vault maps discovered:
D:1:      erik_arrival_cave_to_civilisation [erik_arrival_cave_to_hall],
          layout_basic
D:2:      layout_loops_ring, ebering_ecumenical_altar_ruins,
          kennysheep_pointless_box, kennysheep_nub
D:3:      layout_basic, nicolae_overflow_crystal_walls, minmay_ruptured
D:4:      dreamdust_elfheim, layout_basic, amcnicky_altar_gilded, minivault_23,
          minmay_misc_feat_encased, roderic_three_in_a_row, minivault_25
D:5:      layout_rooms, mainiacjoe_overflow_catwalk_spiral,
          kennysheep_generic_room_3
D:6:      layout_basic, serial_library_hellmonk_small_alcove
D:7:      wad_guarded_room, layout_basic, riverfiend_overflow_shadow_ancestor,
          mainiacjoe_overflow_large_starburst, minmay_temple_entry_glassed_door,
          enter_bailey_4, minivault_19, ldierk_geyser,
          hangedman_abyss_or_decor_lesser_grid
Bailey:   bailey_axe_bossmonster_kennysheep, bailey

Skill      XL: |  1  2  3  4  5  6  7  8 |
---------------+-------------------------+-----
Conjurations   | 1 2 3 4 |  4.8
Spellcasting   | 2 3 4 |  4.8
Fighting       | 1 2 3 4 5 |  5.6
Fire Magic     | 4 5 6 7 |  7.5
Dodging        | 2 3 4 |  4.2
Stealth        | |  1.4

Action                     |  1- 3 |  4- 6 |  7- 9 || total
---------------------------+-------+-------+-------++-------
  Melee: Dagger            |    17 |       |    29 ||    46
         Mace              |    30 |    69 |    11 ||   110
   Cast: Foxfire           |    60 |    43 |   141 ||   244
         Scorch            |     4 |    17 |    47 ||    68
         Flame Wave        |       |       |     1 ||     1
    Use: Scroll            |     3 |     5 |     9 ||    17
         Potion            |       |       |     1 ||     1
   Stab: Sleeping          |     1 |     2 |       ||     3
 Armour: Robe              |    27 |       |       ||    27
         Leather armour    |    10 |    90 |    16 ||   116
         Ring mail         |       |       |    28 ||    28
  Dodge: Dodged            |    28 |    80 |    62 ||   170

Table legend: (Time is in decaauts)
 A = Elapsed time spent in this place.
 B = Non-inter-level travel time spent in this place.
 C = Inter-level travel time spent in this place.
 D = Time resting spent in this place.
 E = Time spent auto-exploring this place.
 F = Levels seen in this place.
 G = Mean time per level.
                   A        B        C        D        E       F      G
               +--------+--------+--------+--------+--------+-----+--------+
         Total |   7961 |   7657 |    304 |    227 |   6299 |   8 |  995.1 |
       Dungeon |   7172 |   6868 |    304 |    158 |   5737 |   7 | 1024.6 |
        Bailey |    789 |    789 |      0 |     69 |    561 |   1 |  789.0 |
               +--------+--------+--------+--------+--------+-----+--------+

Top non-repeatable levels by time:
     D:6: 1593 daAuts
     D:1: 1226 daAuts
     D:3: 1196 daAuts
     D:4: 977 daAuts
     D:5: 952 daAuts
  Bailey: 789 daAuts
     D:2: 740 daAuts
     D:7: 486 daAuts
